 Dungeon Crawl Stone Soup version 0.28-a0-691-gad6df49e81 (webtiles) character file.

Game seed: 14851069399039620449

4 RepHenryClay the Skirmisher (level 1, -1/21 HPs)
             Began as a Naga Fighter on Oct 21, 2021.
             Slain by a kobold (4 damage)
             ... on level 1 of the Dungeon.
             The game lasted 00:00:16 (38 turns).

RepHenryClay the Skirmisher (Naga Fighter)            Turns: 38, Time: 00:00:17

Health: -1/21      AC:  3    Str: 18    XL:     1   Next: 60%
Magic:  1/1        EV:  7    Int:  8    God:
Gold:   8          SH:  4    Dex: 10    Spells: 0/0 levels left

rFire   . . .      SeeInvis +   a - +0 war axe
rCold   . . .      Faith    .   c - +0 buckler
rNeg    . . .      Spirit   .   b - +0 scale mail
rPois   +          Reflect  .   (no helmet)
rElec   .          Harm     .   (no cloak)
rCorr   .          Rampage  .   (no gloves)
Will    .....                   (no barding)
Stlth   ..........              (no amulet)
HPRegen 0.07/turn               (no ring)
MPRegen 0.07/turn               (no ring)

@: mighty, lethally poisoned (-1 -> -5), very slow
A: AC +0, large, see invisible, deformed body, poison resistance, slowness 2,
spit poison 1, naga tail 1
a: Spit Poison


You were on level 1 of the Dungeon.
You visited 1 branch of the dungeon, and saw 1 of its levels.

You collected 8 gold pieces.

Inventory:

Hand Weapons
 a - a +0 war axe (weapon)
Armour
 b - a +0 scale mail (worn)
 c - a +0 buckler (worn)
Scrolls
 e - a scroll of noise {unknown}


   Skills:
 - Level 3.0 Fighting
 + Level 2.4 Axes
 - Level 2.4 Armour
 - Level 2.4 Shields


You couldn't memorise any spells.
You didn't know any spells.
Your spell library was empty.

Dungeon Overview and Level Annotations

Branches:
Dungeon (1/15)

Altars:


Innate Abilities, Weirdness & Mutations

Your serpentine skin is tough. (AC +0)
You have supernaturally acute eyesight. (SInv)
Armour fits poorly on your strangely shaped body.
Your system is resistant to poisons. (rPois)
You cover ground very slowly.
You can spit poison.
You have a snake-like lower body.


Message History

A hobgoblin is nearby!
A hobgoblin comes into view.
An endoplasm comes into view.
The hobgoblin shouts!
You closely miss the hobgoblin. You block the hobgoblin's attack.
You slash the hobgoblin!
You kill the hobgoblin!
You hit the hobgoblin.
You kill the hobgoblin!
You slash the endoplasm!
You kill the endoplasm!
No target in view!
No target in view!
Unknown command.
Found 11 stones.
e - a scroll labelled HUBROCS CUULE You now have 8 gold pieces (gained 4).
Found a stone staircase leading down.
A kobold comes into view. It is wielding a +2 whip of venom.
The kobold shouts!
You hear a shout!
A hobgoblin comes into view.
The hobgoblin shouts!
You barely miss the kobold.
The kobold hits you with a +2 whip of venom.
You are poisoned.
Huge Dmg: -28%(-6hp) hp: 72%(15hp)
You completely miss the kobold.
You feel very sick. The kobold barely misses you.
You block the kobold's attack.
Damage: -14%(-3hp) hp: 58%(12hp)
You hit the kobold but do no damage. You hit the hobgoblin.
You feel sick. You block the hobgoblin's attack.
The kobold hits you with a +2 whip of venom.
* * * LOW HITPOINT WARNING * * *
Huge Dmg: -34%(-7hp) hp: 24%(5hp)
You feel very mighty all of a sudden.
* * * LOW HITPOINT WARNING * * *
You feel sick. The hobgoblin closely misses you.
The kobold hits you with a +2 whip of venom.
You die...

#.#... .# ..... .#
.. .... .. ...
...#. #.#. ....
>....
######..##..##.
......gK..........
#.@.#..# ...# .
##..#..##...# ...
#..#........
.....##.##..#.....
.................#
......#.##........
......#.#......#.#
####..........(..#
...........#.###


You could see a hobgoblin and a kobold.

Vanquished Creatures
  An endoplasm (D:1)
  2 hobgoblins (D:1)
3 creatures vanquished.

Notes
Turn   | Place    | Note
-------+----------+-------------------------------------------
     0 | D:1      | RepHenryClay the Naga Fighter began the quest for the Orb.
     0 | D:1      | Reached XP level 1. HP: 21/21 MP: 1/1
    38 | D:1      | Slain by a kobold

Illustrated notes

Levels and vault maps discovered:
D:1:      giann_bridges, layout_basic, serial_shops, shop

Action                   || total
-------------------------++-------
Melee: War axe           ||     7
  Use: Potion            ||     1
Dodge: Dodged            ||     2
Block: Buckler           ||     3

Table legend: (Time is in decaauts)
 A = Elapsed time spent in this place.
 B = Non-inter-level travel time spent in this place.
 C = Inter-level travel time spent in this place.
 D = Time resting spent in this place.
 E = Time spent auto-exploring this place.
 F = Levels seen in this place.
 G = Mean time per level.
                   A        B        C        D        E       F      G
               +--------+--------+--------+--------+--------+-----+--------+
         Total |     51 |     51 |      0 |      0 |     30 |   1 |   51.0 |
       Dungeon |     51 |     51 |      0 |      0 |     30 |   1 |   51.0 |
               +--------+--------+--------+--------+--------+-----+--------+

Top non-repeatable levels by time:
     D:1: 51 daAuts
